[Event "FIDE World Rapid-ch Open 2018"]
[White "Baron, Tal"]
[Black "Danielyan, Vahe"]
[Site "St. Petersburg"]
[Round "2.90"]
[Annotator "ChessBase"]
[Result "1-0"]
[Date "2018.12.26"]
[WhiteElo "2532"]
[BlackElo "2220"]
[PlyCount "137"]
[TimeControl "900+10"]

1. d4 Nf6 2. Bf4 g6 3. Nc3 c5 4. dxc5 Bg7 5. e4 0-0 6. a3 b6 7. cxb6 Qxb6 8. Qd2 Bb7 9. Bd3 d5 10. e5 Ne4 11. Bxe4 dxe4 12. 0-0-0 Nc6 13. Nd5 Qd8 14. Bh6 Bxe5 15. f4 Bd6 16. Qc3 e5 17. Bg5 Qb8 18. Nf6+ Kg7 19. Nd7 Qc7 20. Qh3 h5 21. Bf6+ Kg8 22. fxe5 Bxe5 23. Bxe5 Nxe5 24. Qg3 Rfc8 25. Nf6+ Kg7 26. Nxh5+ Kf8 27. Rd2 gxh5 28. Qg5 Nd3+ 29. Kb1 Qf4 30. Nh3 Qxg5 31. Nxg5 Ne5 32. Rf1 Ke7 33. Rdf2 Rf8 34. Rf5 f6 35. Nh7 Nd7 36. Nxf8 Rxf8 37. Rxh5 Ke6 38. h4 Ne5 39. Kc1 e3 40. Re1 Ng4 41. g3 Rd8 42. Rb5 Bf3 43. Rb3 Kf5 44. Rb5+ Kg6 45. Rb3 a5 46. c4 Kf5 47. Rbxe3 Nxe3 48. Rxe3 Kg4 49. Re6 f5 50. Rg6+ Kh3 51. b4 axb4 52. axb4 Rd4 53. b5 Rxc4+ 54. Kd2 Rb4 55. b6 Bg4 56. Kc3 Rb1 57. Kc2 Rb5 58. Kc3 Kxg3 59. h5 f4 60. h6 Rc5+ 61. Kd4 Rc8 62. h7 Rh8 63. b7 f3 64. Rg8 Rxh7 65. b8=Q+ Kh3 66. Rh8 Rxh8 67. Qxh8+ Kg2 68. Ke3 f2 69. Qb2 1-0

[Event "FIDE World Rapid-ch Open 2018"]
[White "Yeritsyan, Aram"]
[Black "Ghaem Maghami, Ehsan"]
[Site "St. Petersburg"]
[Round "2.91"]
[Annotator "ChessBase"]
[Result "1/2-1/2"]
[Date "2018.12.26"]
[WhiteElo "2372"]
[BlackElo "2537"]
[PlyCount "61"]
[TimeControl "900+10"]

1. e4 c5 2. Nf3 e6 3. d4 cxd4 4. Nxd4 a6 5. c4 Nf6 6. Nc3 Bb4 7. Qd3 d6 8. Nc2 Bxc3+ 9. Qxc3 0-0 10. f3 Nc6 11. Be3 Qc7 12. Rd1 e5 13. Be2 Be6 14. 0-0 Rfc8 15. b3 b5 16. cxb5 axb5 17. Bxb5 Qb7 18. Bxc6 Rxc6 19. Qb4 Qc8 20. Ne1 d5 21. Bg5 d4 22. Bxf6 gxf6 23. f4 Rxa2 24. Rd3 Rc3 25. fxe5 fxe5 26. Qe7 Qf8 27. Qg5+ Qg7 28. Qd8+ Qf8 29. Qg5+ Qg7 30. Qd8+ Qf8 31. Qg5+ 1/2-1/2

[Event "FIDE World Rapid-ch Open 2018"]
[White "Zhigalko, Andrey"]
[Black "Gurvich, Vitaly"]
[Site "St. Petersburg"]
[Round "2.92"]
[Annotator "ChessBase"]
[Result "1-0"]
[Date "2018.12.26"]
[WhiteElo "2545"]
[BlackElo "2270"]
[PlyCount "101"]
[TimeControl "900+10"]

1. e4 c6 2. d4 d5 3. exd5 cxd5 4. c4 Nf6 5. Nc3 Nc6 6. Bg5 Ne4 7. Nxe4 dxe4 8. d5 Ne5 9. Qd4 Ng4 10. h3 e5 11. Qd2 Nf6 12. Ne2 h6 13. Be3 b6 14. g4 Ba6 15. Ng3 Rc8 16. b3 b5 17. Rc1 Ba3 18. Rc2 0-0 19. Be2 bxc4 20. bxc4 Qd7 21. 0-0 Rfd8 22. Rb1 Bf8 23. Qa5 Nxd5 24. Qxa6 Nb4 25. Rxb4 Bxb4 26. Qxa7 Qc6 27. c5 Ra8 28. Qb6 Qa4 29. Rb2 Bc3 30. Rb3 Ba5 31. Qb7 Qxa2 32. Bc4 Rd1+ 33. Kg2 Rf8 34. Qxe4 Qa1 35. Nf1 Bc3 36. c6 Bd4 37. Bxh6 Rxf1 38. Bxf1 gxh6 39. Bd3 f5 40. Qd5+ Kh8 41. Bxf5 Qa2 42. Qf3 e4 43. Qg3 e3 44. Rxe3 Qd5+ 45. Be4 Qc5 46. Rf3 Re8 47. Qf4 Bg7 48. Qf5 Qxf5 49. Bxf5 Re7 50. Bd7 Be5 51. Re3 1-0

[Event "FIDE World Rapid-ch Open 2018"]
[White "Anisimov, Pavel"]
[Black "Mamatov, Melis"]
[Site "St. Petersburg"]
[Round "2.93"]
[Annotator "ChessBase"]
[Result "1-0"]
[Date "2018.12.26"]
[WhiteElo "2533"]
[BlackElo "2223"]
[PlyCount "95"]
[TimeControl "900+10"]

1. d4 d5 2. Bf4 Nf6 3. e3 e6 4. Nf3 Bd6 5. Bg3 c5 6. c3 Nc6 7. Nbd2 0-0 8. Bd3 Re8 9. Ne5 Qc7 10. f4 b6 11. Bh4 Be7 12. Bxf6 Bxf6 13. h4 Bb7 14. Qh5 g6 15. Qf3 cxd4 16. exd4 Qe7 17. Qh3 Rac8 18. h5 g5 19. Ndf3 h6 20. Ng4 Kg7 21. Nxf6 Qxf6 22. fxg5 hxg5 23. h6+ Kh8 24. 0-0 g4 25. Qxg4 Rg8 26. Qh5 Qf4 27. Rf2 Qe3 28. Qxf7 Qxd3 29. Qxb7 Qh7 30. Qxh7+ Kxh7 31. Re1 Rce8 32. Rfe2 Nd8 33. Ne5 Kxh6 34. Re3 Rg5 35. Rh3+ Kg7 36. Rf1 Rf5 37. Rxf5 exf5 38. Rg3+ Kh7 39. Kf2 Ne6 40. Kf3 b5 41. Rg6 b4 42. Rf6 bxc3 43. bxc3 Ng7 44. Ke3 a5 45. Ra6 Ne6 46. Rxa5 Rc8 47. Ra7+ Kh8 48. Ng6+ 1-0

[Event "FIDE World Rapid-ch Open 2018"]
[White "Makoveev, Ilya"]
[Black "Nozdrachev, Vladislav"]
[Site "St. Petersburg"]
[Round "2.94"]
[Annotator "ChessBase"]
[Result "0-1"]
[Date "2018.12.26"]
[WhiteElo "2257"]
[BlackElo "2486"]
[PlyCount "90"]
[TimeControl "900+10"]

1. e4 e5 2. Nf3 Nc6 3. Bc4 Bc5 4. 0-0 Nf6 5. d3 a6 6. a4 d6 7. c3 Ba7 8. Nbd2 h6 9. Re1 g5 10. Nf1 g4 11. N3d2 h5 12. Ne3 h4 13. Ndf1 Rg8 14. Kh1 Be6 15. Qe2 Bxc4 16. Nxc4 g3 17. Nce3 gxf2 18. Qxf2 Nh5 19. Qf3 Nf4 20. Nd5 Rxg2 21. Nfe3 Rg6 22. Nxf4 exf4 23. Qxf4 Ne5 24. Qf1 Bxe3 25. Bxe3 Qe7 26. d4 Ng4 27. Bf4 0-0-0 28. h3 Nf6 29. Qf3 Qe6 30. d5 Qd7 31. Re2 Rdg8 32. Rh2 Qxa4 33. Re1 Nxe4 34. b3 Qe8 35. Rhe2 f5 36. Bh2 Qd7 37. Rxe4 fxe4 38. Rxe4 b6 39. Rxh4 Kb7 40. Re4 Rg3 41. Qf1 Rxh3 42. Re2 Rxc3 43. Ra2 Qb5 44. Qd1 Rc1 45. Qxc1 Qxd5+ 0-1

[Event "FIDE World Rapid-ch Open 2018"]
[White "Oganian, Miran"]
[Black "Nihal Sarin"]
[Site "St. Petersburg"]
[Round "2.95"]
[Annotator "ChessBase"]
[Result "0-1"]
[Date "2018.12.26"]
[WhiteElo "2423"]
[BlackElo "2576"]
[PlyCount "82"]
[TimeControl "900+10"]

1. b3 d5 2. Bb2 Nf6 3. e3 e6 4. Nf3 c5 5. Be2 Nc6 6. 0-0 Bd6 7. c4 d4 8. exd4 cxd4 9. d3 e5 10. a3 a5 11. Nbd2 0-0 12. Re1 Re8 13. Qc2 b6 14. Bf1 h6 15. g3 Bf5 16. Bg2 Qd7 17. Nh4 Bh7 18. Ne4 Nxe4 19. Bxe4 Bxe4 20. Rxe4 f5 21. Re2 Bc5 22. Rd1 Rad8 23. Qd2 g5 24. Ng2 e4 25. dxe4 fxe4 26. Kh1 Qh3 27. Qe1 Qf5 28. Qf1 Ne5 29. b4 axb4 30. axb4 Nf3 31. Ne3 dxe3 32. bxc5 Nd2 33. Qg2 Nxc4 34. Rf1 Nd2 35. Rc1 bxc5 36. Rxe3 Nf3 37. Bc3 Rd3 38. Qf1 Red8 39. Bb2 Rxe3 40. fxe3 Rd2 41. Qc4+ Qf7 0-1

[Event "FIDE World Rapid-ch Open 2018"]
[White "Masrahi, Abdulrahman A"]
[Black "Petrov, Nikita"]
[Site "St. Petersburg"]
[Round "2.96"]
[Annotator "ChessBase"]
[Result "0-1"]
[Date "2018.12.26"]
[WhiteElo "1903"]
[BlackElo "2593"]
[PlyCount "88"]
[TimeControl "900+10"]

1. d4 Nf6 2. Bf4 d5 3. e3 c5 4. c3 Nc6 5. Nd2 e6 6. Ngf3 Bd6 7. Bg3 0-0 8. Bd3 b6 9. Ne5 Bb7 10. f4 Ne7 11. Bh4 Ne4 12. 0-0 f6 13. Nef3 Nf5 14. Bf2 Bc7 15. Qe2 Qe7 16. Rae1 Rac8 17. Nh4 Nfd6 18. Nhf3 Bb8 19. Bb1 Bc6 20. Bd3 b5 21. a3 a5 22. Bh4 b4 23. axb4 axb4 24. c4 Nf5 25. Bf2 Ba7 26. Ra1 Bb6 27. Ra6 Qc7 28. g4 Nfd6 29. Rfa1 Bb7 30. R6a2 Nxd2 31. Nxd2 cxd4 32. exd4 dxc4 33. Qxe6+ Kh8 34. Bf5 Nxf5 35. Qxf5 Qc6 36. d5 Bxf2+ 37. Kxf2 Qc5+ 38. Kg3 Bxd5 39. Nf3 g6 40. Qd7 Rf7 41. Qa4 b3 42. Ra3 Qe3 43. Rf1 g5 44. f5 Qf4+ 0-1

[Event "FIDE World Rapid-ch Open 2018"]
[White "Gordievsky, Dmitry"]
[Black "Gaifullin, Artur"]
[Site "St. Petersburg"]
[Round "2.97"]
[Annotator "ChessBase"]
[Result "1/2-1/2"]
[Date "2018.12.26"]
[WhiteElo "2614"]
[BlackElo "2448"]
[PlyCount "96"]
[TimeControl "900+10"]

1. d4 Nf6 2. Nf3 d5 3. e3 e6 4. Bd3 b6 5. 0-0 Bb7 6. b3 Bd6 7. c4 0-0 8. cxd5 exd5 9. Ba3 Bxa3 10. Nxa3 Qe7 11. Nb5 a6 12. Nc3 Nbd7 13. Rc1 c5 14. Ne2 Rac8 15. Ng3 g6 16. Qe2 b5 17. dxc5 Nxc5 18. Nd4 Nfe4 19. f3 Nxg3 20. hxg3 Rfe8 21. Kf2 Qf6 22. Bb1 b4 23. Rfd1 h5 24. f4 Re7 25. Kg1 Ne4 26. Bxe4 Rxe4 27. Rxc8+ Bxc8 28. Qd2 Bg4 29. Rc1 a5 30. Kf2 h4 31. Nc6 hxg3+ 32. Kxg3 Bd7 33. Ne5 Be6 34. Nf3 d4 35. Nxd4 g5 36. Nf3 gxf4+ 37. exf4 Qf5 38. Ne5 Kg7 39. Re1 Rxe1 40. Qxe1 Qc2 41. Qf2 Qb1 42. Kh2 Qh7+ 43. Kg3 Qb1 44. Nc6 Qg6+ 45. Kh2 Qh7+ 46. Kg1 Qb1+ 47. Kh2 Qh7+ 48. Kg1 Qb1+ 1/2-1/2

[Event "FIDE World Rapid-ch Open 2018"]
[White "khayat, Abdullah F"]
[Black "Vastrukhin, Oleg"]
[Site "St. Petersburg"]
[Round "2.98"]
[Annotator "NA"]
[Result "0-1"]
[Date "2018.12.26"]
[WhiteElo "1723"]
[BlackElo "2413"]
[PlyCount "98"]
[TimeControl "900+10"]

1. Nf3 g6 2. d4 Bg7 3. g3 d6 4. Bg2 e5 5. dxe5 dxe5 6. Qxd8+ Kxd8 7. 0-0 c6 8. e4 f6 9. Be3 Be6 10. b3 Nd7 11. c4 Bh6 12. Bxh6 Nxh6 13. Nc3 Nf7 14. Rfd1 Ke7 15. Rd2 a5 16. Rad1 Nc5 17. h3 Rhd8 18. Ne1 Rxd2 19. Rxd2 h5 20. f3 h4 21. g4 g5 22. Kf2 Nh8 23. Bf1 Ng6 24. Ng2 Bd7 25. Ke3 Ne6 26. Na4 Nd4 27. Nc3 Nf8 28. Ne1 Nfe6 29. Ne2 c5 30. Nc3 Bc6 31. Nd5+ Bxd5 32. cxd5 Nf4 33. Nd3 Nxd3 34. Bxd3 b5 35. a4 bxa4 36. bxa4 Rb8 37. Rd1 Rb4 38. Rb1 Kd6 39. Rxb4 cxb4 40. Bc4 Kc5 41. Bd3 b3 42. Bb1 Kb4 43. d6 Kxa4 44. d7 Ne6 45. Kd3 Kb4 46. Kd2 a4 47. Bd3 a3 48. Kc1 Kc3 49. Bb1 a2 0-1

[Event "FIDE World Rapid-ch Open 2018"]
[White "Vlassov, Nikolai"]
[Black "Al Thebaiti, Ahmed M"]
[Site "St. Petersburg"]
[Round "2.99"]
[Annotator "NA"]
[Result "1-0"]
[Date "2018.12.26"]
[WhiteElo "2401"]
[BlackElo "1976"]
[PlyCount "120"]
[TimeControl "900+10"]

1. g4 d5 2. Bg2 c6 3. h3 e5 4. d4 exd4 5. Qxd4 Qf6 6. Nf3 Nd7 7. 0-0 Qxd4 8. Nxd4 Bc5 9. Be3 Ne7 10. c4 0-0 11. cxd5 Nxd5 12. Bxd5 cxd5 13. Nc3 Nb6 14. Rfd1 h5 15. f3 hxg4 16. hxg4 Nc4 17. Bf2 Nxb2 18. Rdb1 Nc4 19. Nxd5 b6 20. Rc1 Ne5 21. Rxc5 bxc5 22. Ne7+ Kh7 23. Kg2 g6 24. Nb5 Ba6 25. Nc7 Bxe2 26. Re1 Bxf3+ 27. Kg3 Nd3 28. Kxf3 Nxe1+ 29. Bxe1 Rae8 30. Ncd5 Rxe7 31. Nxe7 Re8 32. Bh4 Kg7 33. Nd5 Re6 34. Be7 c4 35. Bc5 f6 36. Bxa7 Re5 37. Nxf6 Ra5 38. Bd4 Rxa2 39. Ke4 Kf7 40. Kd5 Rd2 41. Ne4 Rg2 42. g5 Rg4 43. Bf6 Rg1 44. Nd6+ Kf8 45. Nxc4 Rd1+ 46. Ke6 Re1+ 47. Ne5 Ke8 48. Kd5 Rd1+ 49. Ke4 Re1+ 50. Kf4 Rf1+ 51. Kg3 Kf8 52. Nxg6+ Kf7 53. Nf4 Rg1+ 54. Kf3 Rb1 55. Kg4 Rb5 56. Bc3 Rc5 57. Bd4 Rc4 58. Be5 Rc1 59. g6+ Kg8 60. Nd5 Rg1+ 1-0

[Event "FIDE World Rapid-ch Open 2018"]
[White "Al Turky, Fahad A"]
[Black "Drygalov, Andrey"]
[Site "St. Petersburg"]
[Round "2.100"]
[Annotator "ChessBase"]
[Result "0-1"]
[Date "2018.12.26"]
[WhiteElo "1836"]
[BlackElo "2481"]
[PlyCount "42"]
[TimeControl "900+10"]

1. c4 e5 2. Nc3 Nf6 3. g3 d5 4. cxd5 Nxd5 5. Bg2 Nb6 6. Nf3 Nc6 7. 0-0 Be7 8. a3 0-0 9. b4 Be6 10. b5 Nd4 11. Nxe5 Bb3 12. Qe1 Nc2 13. Rb1 Nxe1 14. Rxb3 Nxg2 15. Kxg2 Nd5 16. e4 Nxc3 17. dxc3 f6 18. Nf3 Re8 19. Be3 Bf8 20. Re1 Rxe4 21. Nd4 Rxd4 0-1

[Event "FIDE World Rapid-ch Open 2018"]
[White "Gutenev, Alexander"]
[Black "Alsulaymi, Abdullah M"]
[Site "St. Petersburg"]
[Round "2.101"]
[Annotator "ChessBase"]
[Result "1-0"]
[Date "2018.12.26"]
[WhiteElo "2456"]
[BlackElo "1833"]
[PlyCount "35"]
[TimeControl "900+10"]

1. e4 e5 2. Nf3 Nf6 3. d4 Nxe4 4. Bd3 d5 5. dxe5 Bf5 6. 0-0 Bc5 7. Nc3 Nxc3 8. bxc3 Bg4 9. h3 Bh5 10. Rb1 Nd7 11. Rxb7 Nb6 12. Bb5+ Kf8 13. Bc6 a5 14. Be3 Bxe3 15. fxe3 Rc8 16. Qd4 Qe7 17. Bxd5 Rd8 18. e4 1-0